 Dungeon Crawl Stone Soup version 0.22.0-6-g71bd7aa (webtiles) character file.

2836 RENEGADE the Slicer (level 9, -3/68 HPs)
             Began as a Merfolk Monk on Aug 14, 2018.
             Was a High Priest of Dithmenos.
             Killed by divine providence
             ... invoked by an orc priest
              (13 damage)
             ... on level 8 of the Dungeon.
             The game lasted 00:40:29 (6795 turns).

RENEGADE the Slicer (Merfolk Monk)                  Turns: 6795, Time: 00:40:30

Health: -3/68      AC:  6    Str: 11    XL:     9   Next: 74%
Magic:  9/9        EV: 18    Int: 10    God:    Dithmenos [*****.]
Gold:   260        SH:  0    Dex: 21    Spells: 8/8 levels left

rFire    . . .     SeeInvis .   j - +4 dagger
rCold    . . .     Gourm    .   (no shield)
rNeg     . . .     Faith    .   o - +0 robe
rPois    .         Spirit   .   b - +2 helmet
rElec    .         Reflect  .   A - scarf {repulsion}
rCorr    .         Harm     .   (no gloves)
MR       .....                  r - +0 pair of boots
Stlth    +++++++...             e - amulet of rage
HPRegen  0.21/turn              p - +2 ring of dexterity
MPRegen  0.11/turn              q - +3 ring of slaying

@: wreathed by umbra, repel missiles
A: change form in water, swift swim, stealthy swim
a: Shadow Step, Shadow Form, Renounce Religion, Evoke Berserk Rage


You were on level 8 of the Dungeon.
You worshipped Dithmenos.
Dithmenos was extremely pleased with you.
You were near starving.

You visited 1 branch of the dungeon, and saw 9 of its levels.

You collected 312 gold pieces.
You spent 52 gold pieces at shops.

Inventory:

Hand Weapons
 i - a +1 antimagic flail
 j - a +4 dagger (weapon)
 u - the cursed +1 hand axe of Freehold {chop, Dex+3}
   (You found it on level 8 of the Dungeon)

   It inflicts extra damage upon your enemies.
   It affects your dexterity (+3).
   It has a curse placed upon it.
 x - a +2 long sword of slicing
Missiles
 w - 4 tomahawks of returning (quivered)
Armour
 b - a +2 helmet (worn)
 o - a +0 robe (worn)
 r - a +0 pair of boots (worn)
 A - a scarf of repulsion (worn)
Jewellery
 e - an amulet of rage (around neck)
 p - a +2 ring of dexterity (left hand)
 q - a +3 ring of slaying (right hand)
 t - an uncursed ring of positive energy
Wands
 d - a wand of digging (9)
Scrolls
 a - 2 scrolls of blinking {unknown}
 g - 9 scrolls of teleportation
 m - 2 scrolls of remove curse
 n - a scroll of noise {unknown}
 y - 3 scrolls of identify
Potions
 f - a potion of berserk rage {unknown}
 h - a potion of heal wounds
 k - 2 potions of magic {unknown}
 s - 2 potions of haste {unknown}
 z - 5 potions of curing
Comestibles
 c - 16 rations


   Skills:
 + Level 5.5 Fighting
 * Level 10.2(10.6) Short Blades
 - Level 4.2(7.4) Long Blades
 + Level 0.9 Throwing
 + Level 7.6 Dodging
 + Level 8.5 Stealth


You had 8 spell levels left.
You didn't know any spells.
Your spell library was empty.

Dungeon Overview and Level Annotations

Branches:
Dungeon (9/15)             Temple (0/1) D:6
   Lair: D:8-11         Orc: D:9-12

Altars:
Dithmenos
Elyvilon
Kikubaaqudgha
Nemelex Xobeh
Ru
Vehumet
Xom
Yredelemnul

Shops:
D:7 *

Annotations:
D:7 exclusion: statue


Message History

You are too injured to fight recklessly!
You are too injured to fight recklessly!
You are too injured to fight recklessly!
You are too injured to fight recklessly!
You are too injured to fight recklessly!
You are too injured to fight recklessly!
You are too injured to fight recklessly!
You are too injured to fight recklessly!
Unknown command.
You are too injured to fight recklessly!
You are too injured to fight recklessly!
You are too injured to fight recklessly!
You are too injured to fight recklessly!
The orc warrior hits you but does no damage.
The orc hits you with a mace.
The orc warrior hits you with a hand axe!
* * * LOW HITPOINT WARNING * * *
The orc priest invokes the aid of Beogh against you.
Beogh smites you!
You die...

##... ..... ...#.###### #
........ # ##( ......# .#
#...####.... ?..
#.#[...##..## # ...# #.#
#..#$..## #.# #...####.#
#..@.oo##...#
#....##.#######)#oo....[#
#.........†####.##....#.#
##..†..#.#...##.###...#
#.###.#..##.÷#$###.#..#
#. #.....##(.......#.# #.
####.....#.###%...$# .
#.###.### #:#.### # #..
###†#######⌠##


You could see an orc warrior, an orc priest and 2 orcs.

Vanquished Creatures
  A hungry ghost (D:4)
  Menkaure (D:5)
  Edmund (D:5)
  3 ice beasts
  2 sky beasts
  5 ogres
  A phantom (D:8)
  Blork the orc (D:5)
  2 bullfrogs
  A wyvern zombie (D:8)
  6 killer bees (D:8)
  A vampire bat (D:2)
  A crimson imp (D:5)
  5 hounds
  3 centaur skeletons
  3 orc priests
  5 orc wizards
  An iguana (D:4)
  Natasha (thrice) (D:4)
  4 worker ants
  A hound skeleton (D:4)
  Robin (D:1)
  4 adders
  A shadow imp (D:6)
  3 oozes
  An adder zombie (D:5)
  2 adder skeletons (D:7)
  3 worms
  3 dart slugs (D:1)
  8 leopard geckos
  26 orcs
  A ball python (D:5)
  7 bats
  3 bat skeletons (D:2)
  3 bat zombies (D:2)
  3 giant cockroaches
  16 hobgoblins
  10 jackals
  6 quokkas
  7 frilled lizards
  5 goblins
  8 kobolds
  A quokka zombie (D:7)
  6 rats
  A spectral orc (D:2)
180 creatures vanquished.

Notes
Turn   | Place    | Note
-------+----------+-------------------------------------------
     0 | D:1      | RENEGADE the Merfolk Monk began the quest for the Orb.
     0 | D:1      | Reached XP level 1. HP: 18/18 MP: 1/1
   281 | D:1      | Reached XP level 2. HP: 24/24 MP: 2/2
   484 | D:1      | Reached XP level 3. HP: 9/29 MP: 3/3
  1057 | D:2      | Noticed Robin
  1216 | D:1      | HP: 1/30 [Robin/whip (4)]
  1217 | D:1      | Killed Robin
  1717 | D:2      | Reached XP level 4. HP: 24/37 MP: 4/4
  1968 | D:2      | Reached skill level 1 in Short Blades
  2022 | D:2      | Found an ancient bone altar of Kikubaaqudgha.
  2031 | D:2      | Reached skill level 5 in Dodging
  2031 | D:2      | Reached XP level 5. HP: 28/42 MP: 5/5
  2089 | D:2      | Reached skill level 2 in Short Blades
  2185 | D:2      | Found a shadowy altar of Dithmenos.
  2191 | D:2      | Became a worshipper of Dithmenos the Shadowed
  2191 | D:2      | Reached * piety under Dithmenos
  2191 | D:2      | Reached ** piety under Dithmenos
  2201 | D:2      | Found a basalt altar of Yredelemnul.
  2977 | D:3      | Reached skill level 3 in Short Blades
  2977 | D:3      | Reached XP level 6. HP: 47/48 MP: 6/6
  3133 | D:3      | Found a white marble altar of Elyvilon.
  3540 | D:4      | Noticed a hungry ghost
  3594 | D:4      | Reached skill level 4 in Short Blades
  3615 | D:4      | Reached *** piety under Dithmenos
  3620 | D:4      | Noticed Natasha
  3628 | D:4      | Killed Natasha
  3707 | D:5      | Entered Level 5 of the Dungeon
  3790 | D:4      | Noticed Natasha
  3802 | D:4      | Reached skill level 5 in Short Blades
  3802 | D:4      | Reached XP level 7. HP: 55/55 MP: 7/7
  3816 | D:4      | Killed Natasha
  3883 | D:4      | Noticed Natasha
  3890 | D:4      | Killed Natasha
  3916 | D:4      | Reached skill level 5 in Stealth
  3966 | D:4      | Killed a hungry ghost
  3966 | D:4      | Reached skill level 6 in Short Blades
  4001 | D:4      | Gained mutation: You are clumsy. (Dex -2) [potion of mutation]
  4001 | D:4      | Lost mutation: You are clumsy. (Dex -2) [potion of mutation]
  4191 | D:5      | Reached XP level 8. HP: 45/61 MP: 8/8
  4245 | D:5      | Noticed Menkaure
  4260 | D:5      | Killed Menkaure
  4260 | D:5      | Reached skill level 7 in Short Blades
  4559 | D:5      | Noticed Blork the orc
  4568 | D:5      | Killed Blork the orc
  4735 | D:5      | Noticed Edmund
  4755 | D:5      | Killed Edmund
  4755 | D:5      | Reached skill level 8 in Short Blades
  4912 | D:6      | Found a staircase to the Ecumenical Temple.
  5021 | D:6      | Reached **** piety under Dithmenos
  5021 | D:6      | Reached skill level 5 in Fighting
  5090 | D:6      | Reached skill level 9 in Short Blades
  5090 | D:6      | Reached XP level 9. HP: 68/68 MP: 9/9
  5524 | D:7      | Found Sourphouv's General Store.
  5529 | D:7      | Bought a scroll of identify for 26 gold pieces
  5529 | D:7      | Bought a scroll of identify for 26 gold pieces
  5635 | D:7      | Found a shimmering altar of Xom.
  6025 | D:7      | Found a radiant altar of Vehumet.
  6340 | D:8      | Got a steaming hand axe
  6341 | D:8      | Identified the cursed +1 hand axe of Freehold {chop, Dex+3} (You found it on level 8 of the Dungeon)
  6345 | D:8      | Found a sacrificial altar of Ru.
  6358 | D:8      | Found a sparkling altar of Nemelex Xobeh.
  6472 | D:8      | Reached skill level 10 in Short Blades
  6757 | D:8      | Reached ***** piety under Dithmenos
  6795 | D:8      | Killed from afar by an orc priest

Skill      XL: |  1  2  3  4  5  6  7  8  9 |
---------------+----------------------------+-----
Long Blades    | 4 |  4.2
Stealth        | 3 4 5 6 8 |  8.5
Short Blades   | 1 3 5 6 9 10 | 10.2
Fighting       | 4 5 |  5.5
Dodging        | 5 6 7 |  7.6
Throwing       | |  0.9

Action                   |  1- 3 |  4- 6 |  7- 9 || total
-------------------------+-------+-------+-------++-------
Melee: Falchion          |   113 |       |       ||   113
       Dagger            |       |   171 |   358 ||   529
Throw: Tomahawk          |       |       |     5 ||     5
Evoke: Wand              |       |       |     1 ||     1
  Use: Potion            |     1 |       |     5 ||     6
       Scroll            |     2 |       |     8 ||    10
 Stab: Sleeping          |     6 |    16 |    24 ||    46
       Distracted        |     1 |     1 |       ||     2
  Eat: Ration            |     1 |       |     1 ||     2
       Chunk             |       |     5 |     7 ||    12
Armor: Robe              |    26 |    19 |    38 ||    83
Dodge: Dodged            |   116 |   126 |   268 ||   510
       Rpst.: Falchion   |    34 |       |       ||    34
